 Dungeon Crawl Stone Soup version 0.30-a0-605-gb2882149bf (webtiles) character file.

Game seed: 15211810520975353447

151 acebull12 the Covert (level 5, -2/35 HPs)
             Began as an Octopode Brigand on Jan 7, 2023.
             Slain by an iguana (15 damage)
             ... on level 4 of the Dungeon.
             The game lasted 00:05:34 (1813 turns).

acebull12 the Covert (Octopode Brigand)             Turns: 1813, Time: 00:05:35

Health: -2/35      AC:  1    Str: 10    XL:     5   Next: 33%
Magic:  5/5        EV: 12    Int: 14    God:
Gold:   124        SH:  0    Dex: 15    Spells: 4/4 levels left

rFire   . . .      SeeInvis .    a - +2 dagger
rCold   . . .      Faith    .    (no shield)
rNeg    . . .      Spirit   .    (helmet restricted)
rPois   .          Reflect  .    (no amulet)
rElec   .          Harm     .    (no ring)
rCorr   .          Rampage  .    (no ring)
Will    .....                    (no ring)
Stlth   +++++                    (no ring)
HPRegen 0.25/turn                (no ring)
MPRegen 0.09/turn                (no ring)
                                 (no ring)
                                 (no ring)

@: no status effects
A: almost no armour, amphibious, 8 rings, camouflage 1, gelatinous body 1,
(nimble swimmer 1), tentacles
a: no special abilities


You were on level 4 of the Dungeon.
You visited 1 branch of the dungeon, and saw 5 of its levels.

You collected 124 gold pieces.

Inventory:

Hand Weapons
 a - a +2 dagger (weapon)
Missiles
 b - 9 poisoned darts (quivered)
 c - 3 curare-tipped darts
Armour
 l - an orb of guile
Wands
 o - a wand of flame (11)
Scrolls
 d - a scroll of enchant armour {unknown}
 e - a scroll of teleportation {unknown}
 h - a scroll of noise {unknown}
 j - 2 scrolls of identify {unknown}
 k - a scroll of immolation {unknown}
 m - a scroll of enchant weapon {unknown}
Potions
 f - a potion of magic {unknown}
 g - a potion of might {unknown}
 i - 6 potions of curing {unknown}
 n - 3 potions of brilliance {unknown}
 p - a potion of ambrosia {unknown}
 q - a potion of cancellation {unknown}


   Skills:
 * Level 2.5 Fighting
 * Level 2.7 Short Blades
 + Level 2.1 Throwing
 + Level 1.0 Dodging
 * Level 8.0 Stealth


You had 4 spell levels left.
You didn't know any spells.
Your spell library contained the following spells:

 Spells                   Type           Power      Damage    Failure   Level
 Beastly Appendage        Tmut           0%         N/A       28%         1
 Wereblood                Tmut           0%         N/A       41%         2
 Ozocubu's Armour         Ice            0%         N/A       65%         3
 Spider Form              Tmut/Pois      0%         N/A       65%         3
 Ozocubu's Refrigeration  Ice            0%         4d7       100%        7


Dungeon Overview and Level Annotations

Branches:
Dungeon (5/15)
 Temple: D:4-7

Altars:


Innate Abilities, Weirdness & Mutations

You cannot wear most types of armour.
You are amphibious.
You can wear up to eight rings at the same time.
Your skin changes colour to match your surroundings (Stealth+).
Your rubbery body absorbs attacks. (AC +1, EV +1)
((You are camouflaged when in or above water. (Stealth+)))
You have tentacles for arms and can constrict up to eight enemies at once.


Message History

Your Stealth skill increases to level 8!
You feel sick.
You feel sick.
You feel sick.
You feel sick.
You feel sick.
You feel sick.
You feel sick.
You are no longer poisoned.
There is a stone staircase leading down here.
An endoplasm comes into view.
Found 2 boomerangs.
Found 12 gold pieces.
The endoplasm quivers.
The endoplasm closely misses you.
You hit the endoplasm. You squeeze the endoplasm.
You kill the endoplasm!
Found an escape hatch in the ceiling.
You now have 119 gold pieces (gained 12).
There is an escape hatch in the ceiling here.
You now have 124 gold pieces (gained 5).
An orc comes into view. It is wielding a +0 flail.
The helpless orc fails to defend itself.
You skewer the orc like a kebab!!!
You kill the orc!
q - a viscous inky potion A sourceless malevolence fills the Dungeon...
You fall into a shaft and drop 2 floors!
The shaft crumbles and collapses.
Found 13 gold pieces.
Found a stone staircase leading up.
Found a stone staircase leading down.
There is a stone staircase leading up here.
You climb upwards.
Found four items.
Found a stone staircase leading up.
There is a stone staircase leading down here.
A jelly comes into view.
The jackal barks! x2
Found a stone staircase leading down.
The iguana bites you! x2
The iguana attacks as you move away! The iguana bites you!
You die...

......? .......
###...S..:
####...?..h.#
#####....#...h..#
#........h.h.....
#......>.h.....
.###...l..........
..J<..(@..........
.##.....l.........
##........#####.
...........#
#..##..##..## #.
..# ##.# > .## .#
#. ..


You could see 2 iguanas, a jelly (asleep), 4 jackals and a ball python
(wandering).

Vanquished Creatures
  Ijyb (D:3)
  Terence (D:3)
  3 adders
  A worm (D:2)
  2 dart slugs (D:2)
  2 orcs (D:3)
  9 endoplasms
  2 giant cockroaches
  15 goblins
  7 hobgoblins
  2 jackals (D:1)
  A quokka (D:1)
  4 ball pythons
  A bat (D:1)
  3 frilled lizards (D:1)
  5 kobolds (D:1)
  3 rats
62 creatures vanquished.

Notes
Turn   | Place    | Note
-------+----------+-------------------------------------------
     0 | D:1      | acebull12 the Octopode Brigand began the quest for the Orb.
     0 | D:1      | Reached XP level 1. HP: 14/14 MP: 1/1
   287 | D:1      | Reached skill level 6 in Stealth
   287 | D:1      | Reached XP level 2. HP: 19/19 MP: 2/2
   490 | D:1      | Reached XP level 3. HP: 24/24 MP: 3/3
   882 | D:2      | Reached skill level 7 in Stealth
  1033 | D:1      | Reached XP level 4. HP: 19/30 MP: 4/4
  1419 | D:3      | Noticed Ijyb
  1424 | D:3      | Killed Ijyb
  1425 | D:3      | Noticed Terence
  1612 | D:3      | Killed Terence
  1613 | D:3      | Reached XP level 5. HP: 33/35 MP: 5/5
  1692 | D:3      | Reached skill level 8 in Stealth
  1800 | D:3      | You fall into a shaft and drop 2 floors!
  1800 | D:5      | Entered Level 5 of the Dungeon
  1813 | D:4      | Slain by an iguana

Illustrated notes

Levels and vault maps discovered:
D:1:      giann_wishing_wells, layout_basic, chequers_serial_rivers_micro_a
D:2:      minmay_chambers_of_ones, layout_rooms
D:3:      layout_basic, minmay_goblin_outpost, uniq_jessica, uniq_terence,
          uniq_ijyb
D:4:      layout_rooms, uniq_duvessa, uniq_eustachio
D:5:      layout_loops_ring, mainiacjoe_overflow_boulevard

Skill      XL: |  1  2  3  4  5 |
---------------+----------------+-----
Stealth        | 6 7 8 |  8.0
Fighting       | |  2.5
Short Blades   | |  2.7
Throwing       | |  2.1
Dodging        | |  1.0

Action                   |  1- 3 |  4- 6 || total
-------------------------+-------+-------++-------
Melee: Dagger            |    56 |    44 ||   100
       Tentacles         |     4 |     9 ||    13
       Constrict         |     8 |     9 ||    17
 Stab: Sleeping          |    19 |    10 ||    29
Armor: Skin              |     3 |       ||     3
Dodge: Dodged            |    24 |    14 ||    38

Table legend: (Time is in decaauts)
 A = Elapsed time spent in this place.
 B = Non-inter-level travel time spent in this place.
 C = Inter-level travel time spent in this place.
 D = Time resting spent in this place.
 E = Time spent auto-exploring this place.
 F = Levels seen in this place.
 G = Mean time per level.
                   A        B        C        D        E       F      G
               +--------+--------+--------+--------+--------+-----+--------+
         Total |   1806 |   1655 |    151 |     74 |   1162 |   5 |  361.2 |
       Dungeon |   1806 |   1655 |    151 |     74 |   1162 |   5 |  361.2 |
               +--------+--------+--------+--------+--------+-----+--------+

Top non-repeatable levels by time:
     D:1: 928 daAuts
     D:2: 507 daAuts
     D:3: 357 daAuts
     D:5: 8 daAuts
     D:4: 3 daAuts
